Map: Dreamcatcher LE

Players

Elazer

  • Race: Zerg Zerg
  • League: Grandmaster
  • Spawn Location: 11:00

HellraiseR - Winner!

  • Race: Protoss Protoss
  • League: Master
  • Spawn Location: 5:00

Event: HomeStory Cup XVII

VOD

Have the link to the VOD?

Description

Time

  • Played on: June 29, 2018, 8:46 a.m.
  • Length: 10:50

All games in this series

Show
View Real Time Build Order
Export as new Build Order

Elazer Zerg 

Build Orders: Hatch First 

Get SALT Encoding   

  12  0:00  Drone  
  13  0:12  Overlord  
  13  0:17  Drone  
  14  0:30  Drone  
  14  0:31  Drone  
  16  0:47  Hatchery  
  15  0:51  Drone  
  15  0:54  Drone  
  17  0:58  Drone  
  18  1:08  Extractor  
  17  1:13  Spawning Pool  
  17  1:16  Drone  
  17  1:20  Drone  
  18  1:29  Drone  
  19  1:39  Drone  
  20  1:50  Overlord  
  20  1:59  Queen  
  20  2:00  Queen  
  24  2:01  Zergling x2  
  24  2:02  Zergling x2  
  24  2:08  Metabolic Boost  
  26  2:12  Zergling x4  
  28  2:23  Zergling x4  
  30  2:34  Zergling x4  
  32  2:38  Queen  
  34  2:47  Overlord  
  34  2:49  Drone  
  35  2:55  Drone  
  31  3:00  Drone  
  31  3:05  Drone x2  
  31  3:06  Drone  
  31  3:07  Drone x2  
  31  3:11  Drone  
  35  3:14  Drone  
  35  3:18  Drone  
  35  3:19  Drone  
  38  3:22  Drone  
  39  3:27  Overlord  
  39  3:31  Drone  
  40  3:38  Drone  
  40  3:40  Drone x3  
  44  3:48  Drone  
  45  3:53  Hatchery  
  44  3:56  Drone x2  
  44  3:58  Drone  
  44  4:00  Overlord  
  47  4:04  Overlord  
  47  4:07  Drone  
  48  4:12  Queen  
  48  4:14  Drone  
  48  4:17  Drone  
  52  4:18  Drone x2  
  54  4:25  Roach Warren  
  54  4:27  Overlord  
  53  4:37  Overlord  
  53  4:38  Drone x2  
  53  4:41  Drone x2  
  53  4:42  Drone  
  53  4:43  Overlord  
  58  4:53  Overlord  
  58  4:54  Drone x2  
  58  4:56  Overlord  
  60  5:02  Extractor  
  60  5:06  Roach x5  
  68  5:11  Spine Crawler  
  67  5:17  Roach x3  
  75  5:21  Roach, Zergling x2  
  75  5:22  Zergling x2  
  75  5:25  Queen  
  75  5:26  Roach  
  81  5:33  Roach  
  79  5:39  Roach  
  79  5:47  Overlord  
  73  5:50  Drone  
  73  5:51  Drone x6  
  77  5:57  Drone x2  
  77  5:59  Drone  
  77  6:04  Drone x3  
  81  6:08  Drone  
  81  6:09  Drone x2  
  86  6:13  Lair  
  86  6:16  Drone  
  86  6:18  Drone  
  88  6:20  Drone x2, Extractor  
  88  6:21  Drone  
  90  6:29  Overlord  
  90  6:31  Roach x2  
  94  6:34  Roach x2  
  94  6:38  Drone x5  
  103  6:41  Extractor x2  
  103  6:43  Drone  
  103  6:46  Evolution Chamber  
  101  6:47  Overlord  
  101  6:48  Drone x3  
  101  6:50  Drone  
  104  6:57  Overlord  
  104  6:59  Extractor  
  104  7:00  Roach x2  
  108  7:01  Ravager x2  
  102  7:11  Drone x7  
  102  7:14  Zerg Missile Weapons Level 1  
  106  7:16  Drone x4  
  106  7:22  Overlord  
  110  7:24  Glial Reconstitution, Drone  
  110  7:28  Spore Crawler, Drone x2  
  112  7:33  Spore Crawler x2  
  110  7:37  Overlord  
  110  7:40  Roach  
  110  7:41  Roach  
  114  7:45  Roach x3  
  120  7:52  Drone x3  
  120  7:53  Drone x2  
  120  7:55  Drone  
  120  7:58  Hydralisk Den  
  125  8:00  Overlord  
  125  8:02  Drone  
  125  8:04  Overlord  
  125  8:05  Drone x4  
  125  8:14  Drone  
  125  8:15  Drone  
  125  8:18  Drone x2  
  125  8:19  Drone  
  130  8:20  Drone  
  130  8:22  Overseer  
  130  8:23  Hatchery  
  130  8:26  Drone x2  
  132  8:29  Muscular Augments  
  132  8:31  Lurker Den  
  132  8:33  Overlord  
  131  8:37  Hydralisk  
  131  8:38  Hydralisk x2  
  131  8:40  Overseer  
  137  8:45  Hydralisk x3  
  143  8:53  Hydralisk x3  
  142  8:57  Spore Crawler  
  142  8:58  Spore Crawler  
  142  8:59  Spore Crawler  
  133  9:04  Hydralisk x3  
  118  9:17  Overlord  
  118  9:18  Drone  
  118  9:19  Drone x4  
  118  9:20  Drone  
  118  9:21  Drone  
  113  9:27  Drone x3  
  113  9:30  Drone  
  114  9:33  Drone x2  
  114  9:34  Drone  
  117  9:45  Overlord, Hydralisk  
  117  9:52  Hydralisk x2  
  119  9:56  Hydralisk  
  125  10:03  Hydralisk x2  
  125  10:04  Overseer  
  129  10:08  Hydralisk x2  
  129  10:13  Overlord  
  133  10:18  Hydralisk  
  133  10:19  Hydralisk x3  
Show
View Real Time Build Order
Export as new Build Order

HellraiseR Protoss - Winner!

Build Orders: Mass Adepts 

Get SALT Encoding   

  12  0:00  Probe  
  13  0:12  Probe  
  14  0:18  Pylon  
  14  0:36  Gateway  
  14  0:41  Gateway  
  14  0:45  Probe  
  15  0:51  Assimilator  
  15  0:57  Probe  
  16  1:09  Probe  
  17  1:21  Probe  
  17  1:24  Cybernetics Core  
  18  1:27  Zealot  
  18  1:28  Zealot  
  22  1:33  Probe  
  22  1:38  Pylon  
  23  1:51  Adept x2  
  28  2:07  Warp Gate  
  27  2:23  Nexus  
  27  2:27  Probe  
  28  2:38  Stalker  
  28  2:39  Probe  
  31  2:55  Probe  
  30  3:04  Adept  
  28  3:07  Probe  
  28  3:12  Adept  
  29  3:13  Assimilator, Shield Battery  
  29  3:16  Pylon  
  30  3:28  Twilight Council  
  29  3:35  Gateway, Probe x2, Resonating Glaives  
  31  3:43  Probe x2  
  33  3:53  Probe x2  
  35  4:05  Probe x2  
  37  4:11  Adept x2  
  41  4:17  Probe x2  
  43  4:24  Pylon  
  43  4:29  Adept  
  43  4:31  Adept  
  47  4:33  Adept  
  47  4:35  Probe  
  47  4:38  Probe  
  51  4:47  Probe  
  51  4:49  Adept  
  51  4:50  Probe  
  51  4:52  Adept  
  57  4:53  Adept  
  57  4:59  Probe  
  60  5:02  Pylon  
  60  5:03  Assimilator  
  60  5:06  Assimilator  
  60  5:14  Stargate  
  60  5:16  Probe  
  61  5:22  Probe, Stargate  
  62  5:29  Probe  
  62  5:35  Probe  
  62  5:41  Probe  
  63  5:47  Oracle, Probe  
  60  5:53  Probe  
  59  5:58  Oracle  
  59  5:59  Probe  
  63  6:05  Probe  
  63  6:10  Pylon x2  
  63  6:11  Probe  
  68  6:12  Pylon  
  68  6:13  Nexus, Pylon  
  68  6:21  Oracle  
  69  6:25  Probe  
  69  6:27  Pylon  
  69  6:32  Oracle, Probe  
  73  6:35  Shield Battery  
  76  6:41  Zealot x2  
  76  6:46  Stargate  
  80  6:51  Probe  
  80  6:52  Probe  
  82  6:55  Oracle  
  85  7:03  Probe  
  85  7:04  Probe  
  87  7:13  Oracle  
  87  7:15  Probe  
  91  7:16  Probe  
  91  7:21  Zealot x3  
  91  7:22  Oracle  
  98  7:25  Oracle  
  98  7:26  Probe  
  98  7:27  Assimilator, Probe, Shield Battery  
  98  7:28  Probe  
  101  7:31  Assimilator  
  107  7:38  Probe  
  107  7:40  Oracle  
  107  7:41  Probe  
  109  7:48  Shield Battery  
  109  7:50  Probe  
  113  7:52  Pylon  
  113  7:53  Probe  
  113  7:57  Oracle  
  114  8:04  Oracle  
  117  8:09  Probe x3  
  123  8:17  Oracle  
  123  8:19  Adept x2  
  130  8:21  Probe  
  130  8:22  Probe, Pylon  
  132  8:29  Nexus  
  132  8:32  Oracle  
  132  8:38  Oracle  
  133  8:45  Stalker x2  
  140  8:59  Pylon  
  140  9:00  Forge, Pylon  
  140  9:02  Pylon  
  140  9:05  Shield Battery, Pylon  
  140  9:07  Pylon  
  140  9:08  Oracle  
  140  9:09  Oracle  
  141  9:11  Oracle  
  124  9:32  Probe x2  
  124  9:33  Probe  
  124  9:34  Oracle, Assimilator  
  127  9:38  Photon Cannon, Assimilator  
  127  9:39  Photon Cannon  
  127  9:42  Photon Cannon  
  127  9:44  Oracle, Probe  
  127  9:45  Oracle, Probe  
  132  9:46  Photon Cannon  
  132  9:49  Stargate, Pylon  
  138  10:03  Probe x2  
  138  10:05  Adept x2  
  138  10:06  Oracle, Adept  
  149  10:16  Pylon  
  152  10:31  Nexus  
  152  10:33  Pylon  
  135  10:42  Stalker x3  
Tags
 
Add a new tag
Caveats
  • Supply blocks, unpowered buildings, or Contaminate may cause inaccurate times.
  • Supply counts are checked every 10 seconds.